 Dungeon Crawl Stone Soup version 0.30-a0-310-g7d6cbdfea6 (webtiles) character file.

Game seed: 15591643222785012941

11143 NinjaNoafa the Cleaver (level 11, -2/102 HPs)
             Began as a Minotaur Fighter on Oct 24, 2022.
             Was a Follower of Ru.
             Slain by an elephant (6 damage)
             ... on level 2 of the Lair of Beasts.
             The game lasted 00:21:02 (9016 turns).

NinjaNoafa the Cleaver (Minotaur Fighter)           Turns: 9016, Time: 00:21:04

Health: -2/102     AC: 25    Str: 25    XL:     11   Next: 45%
Magic:  10/10      EV:  6    Int:  5    God:    Ru [*.....]
Gold:   247        SH:  4    Dex: 10    Spells: 10/10 levels left

rFire   . . .      SeeInvis .    H - +0 war axe (flame)
rCold   . . .      Faith    .    c - +0 buckler
rNeg    . . .      Spirit   .    g - +4 plate armour
rPois   .          Reflect  .    O - +2 hat
rElec   .          Harm     .    E - +2 cloak
rCorr   .          Rampage  .    (no gloves)
Will    .....                    A - +2 pair of boots {Fly}
Stlth   ..........               (no amulet)
HPRegen 0.37/turn                (no ring)
MPRegen 0.12/turn                (no ring)

@: flying
A: horns 2, unskilled 1, retaliatory headbutt
a: Renounce Religion


You were on level 2 of the Lair of Beasts.
You worshipped Ru.
Ru was aware of your devotion.
You visited 3 branches of the dungeon, and saw 12 of its levels.
You also visited: Sewer.

You collected 591 gold pieces.
You spent 344 gold pieces at shops.

Inventory:

Hand Weapons
 H - a +0 war axe of flaming (weapon)
Missiles
 h - 78 stones
 o - 4 boomerangs (quivered)
 x - 2 throwing nets
 y - 33 poisoned darts
 z - a curare-tipped dart
Armour
 c - a +0 buckler (worn)
 g - a +4 plate armour (worn)
 A - a +2 pair of boots of flying (worn)
 E - a +2 cloak (worn)
 O - a +2 hat (worn)
Wands
 j - a wand of polymorph (11)
 r - a wand of roots (11)
 u - a wand of flame (12)
 I - a wand of light (3)
Scrolls
 d - 2 scrolls of noise
 f - 2 scrolls of blinking
 l - 9 scrolls of teleportation
 m - a scroll of poison {unknown}
 n - a scroll of immolation {unknown}
 p - 3 scrolls of amnesia
 F - a scroll of summoning {unknown}
 J - a scroll of enchant weapon {unknown}
 K - a scroll of fear
Potions
 a - a potion of invisibility
 e - 5 potions of lignification
 i - a potion of magic
 k - 5 potions of degeneration
 s - 2 potions of might
 v - a potion of mutation {unknown}
 w - a potion of brilliance {unknown}
 B - 2 potions of haste
 D - a potion of cancellation
 M - a potion of flight
 N - a potion of attraction {unknown}


   Skills:
 - Level 11.0 Fighting
 - Level 13.0 Axes
 - Level 6.3 Armour
 - Level 4.5 Shields
 + Level 7.1 Evocations


You had 10 spell levels left.
You didn't know any spells.
Your spell library contained the following spells:

 Spells                   Type           Power      Damage    Failure   Level
 Kiss of Death            Conj/Necr      0%         2d5       100%        1
 Blink                    Tloc           0%         N/A       100%        2
 Momentum Strike          Conj/Tloc      0%         3d8       100%        2
 Call Canine Familiar     Summ           0%         N/A       100%        3
 Confusing Touch          Hex            0%         N/A       100%        3
 Ignite Poison            Fire/Tmut/Pois 0%         N/A       100%        3
 Lesser Beckoning         Tloc           0%         N/A       100%        3
 Ozocubu's Armour         Ice            0%         N/A       100%        3
 Portal Projectile        Hex/Tloc       0%         N/A       100%        3
 Dispel Undead            Necr           0%         3d6       100%        4
 Leda's Liquefaction      Hex/Erth       0%         N/A       100%        4
 Sticky Flame             Conj/Fire      0%         2d3       100%        4
 Metabolic Englaciation   Hex/Ice        0%         N/A       100%        5
 Simulacrum               Ice/Necr       0%         N/A       100%        6
 Ignition                 Fire           0%         3d3       100%        8


Dungeon Overview and Level Annotations

Branches:
Dungeon (9/15)             Temple (1/1) D:5            Lair (2/5) D:9
  Sewer (visited)
  Swamp: Lair:2-3    Shoals: Lair:2-3     Snake: Lair:2-3    Spider: Lair:2-3
    Orc: D:9-12

Altars:
Ashenzari
Cheibriados
Dithmenos
Elyvilon
Fedhas
Gozag
Hepliaklqana
Kikubaaqudgha
Makhleb
Nemelex Xobeh
Okawaru
Ru
Sif Muna
Trog
Uskayaw
Vehumet
Xom
Yredelemnul
Zin
The Shining One

Shops:
D:7 *   D:8 [

Annotations:
D:8 1 runed translucent door, chippings's ghost, novice MfGl


Innate Abilities, Weirdness & Mutations

You have a pair of horns on your head.
You are somewhat unskilled. (-1 Apt)
You reflexively headbutt those who attack you in melee.


Message History

You barely miss the elephant.
The elephant is heavily wounded.
You hit the plant. You burn the plant.
A nearby plant withers and dies.
The elephant tramples you!
* * * LOW HITPOINT WARNING * * *
You are shoved backwards!
You slash the elephant! You burn the elephant.
The elephant is severely wounded.
You block the elephant's attack. The elephant trunk-slaps you.
* * * LOW HITPOINT WARNING * * *
You slash the elephant! You burn the elephant.
You kill the elephant!
Your Evocations skill increases to level 7!
You hit the elephant. You burn the elephant.
You headbutt the elephant, but do no damage.
The elephant is heavily wounded.
The elephant tramples you but does no damage.
The elephant trunk-slaps you but does no damage.
You hit the elephant but do no damage.
The elephant is heavily wounded.
The elephant tramples you.
* * * LOW HITPOINT WARNING * * *
You are shoved backwards!
Aiming: Throw Flame
Press: ? - help, Shift-Dir - straight line, f - elephant
Aim: an elephant (heavily wounded, 100% to hit)
The puff of flame hits the elephant!
The elephant is severely wounded.
The elephant tramples you but does no damage.
The elephant trunk-slaps you but does no damage.
The elephant attacks as you move away!
The elephant tramples you but does no damage.
You block the elephant's attack.
Aiming: Throw Flame
Press: ? - help, Shift-Dir - straight line, f/p - elephant
Aim: an elephant (severely wounded, 100% to hit)
The puff of flame hits the elephant.
The elephant is severely wounded.
The elephant tramples you.
You die...

#....................
P....................
#...?..........#..P.#
......#...#....####.#
..#.#...###....#
#......†.##......
#........#.....P.
P.......Y........
#..#....@......#
#.#.......#...##
#..#.......?..#
#.###.##.#..... P. ##
####..... ..... ####


You could see an elephant.

Vanquished Creatures
  Harold (Lair:1)
  Erica (D:8)
  A two-headed ogre (D:8)
  A black mamba (Lair:2)
  2 elephants (Lair:2)
  5 cane toads
  A komodo dragon (Lair:1)
  A wind drake (Lair:2)
  Prince Ribbit (D:5)
  Sigmund (D:2)
  A wyvern (Lair:2)
  A basilisk (Lair:1)
  11 yaks
  A steam dragon (D:4)
  7 water moccasins
  3 ice beasts
  2 orc warriors
  A sky beast (D:8)
  2 black bears
  An ogre (D:6)
  A centaur (D:9)
  6 wolves (Lair:1)
  A phantom (D:5)
  6 kobold brigands (Sewer)
  4 bullfrogs
  A gnoll sergeant (D:8)
  2 necrophages
  A scorpion (D:5)
  4 wights (D:7)
  2 howler monkeys
  4 jellies
  2 hounds
  4 orc priests
  Terence (D:2)
  An iguana (D:5)
  4 orc wizards
  8 gnolls
  12 adders
  2 shadow imps (D:6)
  An ufetubus (D:5)
  4 worms
  27 orcs
  14 ball pythons
  10 endoplasms
  5 giant cockroaches
  8 hobgoblins
  4 jackals
  13 kobolds
  7 quokkas
  4 bats
  2 frilled lizards
  7 goblins
  14 rats
231 creatures vanquished.

Vanquished Creatures (others)
  A goblin (D:4)
  A fungus (Lair:2)
  9 plants (Lair:2)
  A withered plant (D:4)
12 creatures vanquished.

Grand Total: 243 creatures vanquished

Notes
Turn   | Place    | Note
-------+----------+-------------------------------------------
     0 | D:1      | NinjaNoafa the Minotaur Fighter began the quest for the
                  | Orb.
     0 | D:1      | Reached XP level 1. HP: 19/19 MP: 0/0
    25 | D:1      | You fall into a shaft and drop 1 floor!
    42 | D:2      | Reached skill level 3 in Axes
   115 | D:1      | Reached XP level 2. HP: 26/26 MP: 1/1
   275 | D:1      | Reached skill level 4 in Axes
   530 | D:1      | Reached XP level 3. HP: 28/31 MP: 2/2
   823 | D:2      | Reached skill level 5 in Axes
   897 | D:2      | Noticed Terence
   904 | D:2      | Killed Terence
   905 | D:2      | Reached XP level 4. HP: 39/39 MP: 3/3
   996 | D:2      | Noticed Sigmund
  1001 | D:2      | Killed Sigmund
  1002 | D:2      | Reached skill level 7 in Axes
  1002 | D:2      | Reached XP level 5. HP: 42/47 MP: 4/4
  1339 | D:2      | Reached XP level 6. HP: 54/55 MP: 5/5
  1613 | D:3      | Found a glowing drain.
  1641 | D:3      | Reached skill level 5 in Fighting
  1657 | Sewer    | Entered a sewer
  1786 | Sewer    | Reached skill level 5 in Armour
  1788 | Sewer    | Reached skill level 5 in Shields
  1788 | Sewer    | Reached XP level 7. HP: 31/61 MP: 6/6
  2193 | Sewer    | Reached skill level 8 in Axes
  2773 | D:4      | Reached skill level 9 in Axes
  3235 | D:4      | Found an ancient bone altar of Kikubaaqudgha.
  3607 | D:4      | Noticed a steam dragon
  3627 | D:4      | Killed a steam dragon
  3628 | D:4      | Reached skill level 10 in Axes
  3628 | D:4      | Reached XP level 8. HP: 13/68 MP: 7/7
  3884 | D:5      | Entered Level 5 of the Dungeon
  4061 | D:5      | Reached skill level 11 in Axes
  4074 | D:5      | Noticed Prince Ribbit
  4100 | D:5      | Killed Prince Ribbit
  4257 | D:5      | Found a staircase to the Ecumenical Temple.
  4267 | Temple   | Entered the Ecumenical Temple
  4451 | Temple   | Became a worshipper of Ru the Awakened
  4496 | D:5      | Found an iron altar of Okawaru.
  4637 | D:5      | Found a blossoming altar of Fedhas.
  4711 | D:5      | Identified the +5 dagger of Midsummer {drain, rElec rF-
                  | rCorr Dex+4}
  4715 | D:5      | Found a glowing golden altar of the Shining One.
  4801 | D:5      | Found a sparkling altar of Nemelex Xobeh.
  4802 | D:5      | Found a hide-covered altar of Uskayaw.
  5361 | D:6      | Reached XP level 9. HP: 40/79 MP: 8/8
  5495 | D:6      | Found a snail-covered altar of Cheibriados.
  6126 | D:7      | Found Agesu's General Store.
  6467 | D:7      | Reached skill level 10 in Fighting
  6490 | D:7      | Gained mutation: You are somewhat unskilled. (-1 Apt) [Ru
                  | sacrifice]
  6490 | D:7      | Reduced skill Axes to level 10
  6490 | D:7      | Reached * piety under Ru
  6712 | D:7      | Reached skill level 10 in Fighting
  7107 | D:7      | Reached XP level 10. HP: 93/95 MP: 9/9
  7444 | D:8      | Noticed Erica
  7481 | D:8      | Killed Erica
  7482 | D:8      | Reached skill level 11 in Axes
  7681 | D:8      | Found Ganeti's Armour Shop.
  7682 | D:8      | Noticed a two-headed ogre
  7691 | D:8      | Killed a two-headed ogre
  7751 | D:8      | Bought a +1 pair of boots of flying for 247 gold pieces
  7794 | D:7      | Bought a scroll of enchant armour for 97 gold pieces
  7879 | D:8      | Found a runed translucent door.
  7880 | D:8      | Noticed chippings's ghost (novice MfGl)
  7950 | D:8      | Reached skill level 12 in Axes
  8147 | D:9      | Found a staircase to the Lair.
  8187 | Lair:1   | Entered Level 1 of the Lair of Beasts
  8282 | Lair:1   | Noticed a cane toad
  8289 | Lair:1   | Killed a cane toad
  8328 | Lair:1   | Noticed a cane toad
  8339 | Lair:1   | Killed a cane toad
  8340 | Lair:1   | Reached skill level 13 in Axes
  8384 | Lair:1   | Reached skill level 1 in Evocations
  8572 | Lair:1   | Noticed a cane toad
  8578 | Lair:1   | Killed a cane toad
  8579 | Lair:1   | Reached XP level 11. HP: 89/102 MP: 10/10
  8707 | Lair:1   | Noticed Harold
  8723 | Lair:1   | Killed Harold
  8724 | Lair:1   | Reached skill level 5 in Evocations
  9013 | Lair:2   | HP: 3/102 [elephant (6)]
  9016 | Lair:2   | Slain by an elephant

Illustrated notes

Levels and vault maps discovered:
D:1:      minmay_arrival_open_corners, layout_basic
D:2:      layout_loops_ring, hangedman_decor_slide_cut, uniq_sigmund,
          uniq_terence
D:3:      layout_rooms, gup_sewer_entry_glass, amcnicky_mini_pool_small,
          kennysheep_path_1
D:4:      cheibrodos_barr_body, layout_loops_corners, kiku_gazebo_garden_becter
D:5:      layout_rooms, nicolae_overflow_hidden_temple, marbit_many_paths,
          gammafunk_temple_overflow_pools, mainiacjoe_overflow_small_starburst,
          minmay_temple_entry_overgrown, serial_glass, glass_columns_c,
          glass_columns_a, glass_columns_a, glass_columns_c, glass_columns_a,
          uniq_prince_ribbit1
D:6:      layout_basic, lemuel_crystal_altar
D:7:      layout_loops_ring, serial_shops, nicolae_square_shop
D:8:      layout_rooms, serial_shops, shop, gammafunk_ghost_grave, uniq_erica
D:9:      layout_layer_cave, nicolae_wu_jian_wuxing_cycle,
          nicolae_qazlal_style_of_elements, lair_entry_dummy
Temple:   nicolae_temple_bog_church
Lair:1:   layout_big_grid, columned_hall_lemuel, uniq_harold
Lair:2:   layout_regular_city, minmay_snake_entry_six_corridors,
          nicolae_quartered_pool_medium, serial_bayou_shore_a

Skill      XL: |  1  2  3  4  5  6  7  8  9 10 11 |
---------------+----------------------------------+-----
Axes           | 3 4 5 7 10 11 10 13 | 13.0
Fighting       | 4 5 7 11 | 11.0
Armour         | 5 7 6 |  6.3
Shields        | 5 4 |  4.5
Evocations     | 4 7 |  7.1

Action                   |  1- 3 |  4- 6 |  7- 9 | 10-12 || total
-------------------------+-------+-------+-------+-------++-------
Melee: War axe           |    76 |    66 |   211 |   170 ||   523
       Headbutt          |    12 |    11 |    49 |    33 ||   105
       Hand axe          |       |       |   130 |     7 ||   137
Throw: Boomerang         |       |     5 |       |       ||     5
Invok: Sacrifice Skill   |       |       |     1 |       ||     1
Evoke: Wand              |       |       |       |     6 ||     6
  Use: Potion            |       |     1 |     3 |     7 ||    11
       Scroll            |       |       |       |    26 ||    26
 Stab: Invisible         |       |       |       |     1 ||     1
Armor: Scale mail        |    25 |    22 |    46 |       ||    93
       Chain mail        |       |       |    99 |       ||    99
       Plate armour      |       |       |       |   127 ||   127
Dodge: Dodged            |    29 |    23 |   119 |    41 ||   212
Block: Buckler           |    19 |    24 |    51 |    38 ||   132

Table legend: (Time is in decaauts)
 A = Elapsed time spent in this place.
 B = Non-inter-level travel time spent in this place.
 C = Inter-level travel time spent in this place.
 D = Time resting spent in this place.
 E = Time spent auto-exploring this place.
 F = Levels seen in this place.
 G = Mean time per level.
                   A        B        C        D        E       F      G
               +--------+--------+--------+--------+--------+-----+--------+
         Total |   9112 |   8459 |    653 |      0 |   6657 |  13 |  700.9 |
       Dungeon |   7284 |   6705 |    579 |      0 |   5378 |   9 |  809.3 |
        Temple |    210 |    171 |     39 |      0 |    157 |   1 |  210.0 |
          Lair |    814 |    781 |     33 |      0 |    541 |   2 |  407.0 |
         Sewer |    803 |    803 |      0 |      0 |    581 |   1 |  803.0 |
               +--------+--------+--------+--------+--------+-----+--------+

Top non-repeatable levels by time:
     D:7: 1308 daAuts
     D:4: 1193 daAuts
     D:6: 1058 daAuts
     D:5: 914 daAuts
     D:2: 868 daAuts
   Sewer: 803 daAuts
     D:8: 750 daAuts
  Lair:1: 691 daAuts
     D:3: 578 daAuts
     D:1: 571 daAuts
  Temple: 210 daAuts
  Lair:2: 122 daAuts
     D:9: 41 daAuts
